 Dungeon Crawl Stone Soup version 0.30-a0-4-ga7cffc901d (webtiles) character file.

Game seed: 616402605310430451

4 BritishOli the Trooper (level 1, 0/18 HPs)
             Began as a Demonspawn Fighter on Aug 21, 2022.
             Slain by a goblin
             ... wielding a +3 dagger
              (5 damage)
             ... on level 1 of the Dungeon.
             The game lasted 00:00:29 (65 turns).

BritishOli the Trooper (Demonspawn Fighter)           Turns: 65, Time: 00:00:30

Health: 0/18       AC:  6    Str: 16    XL:     1   Next: 50%
Magic:  1/1        EV:  8    Int:  9    God:
Gold:   27         SH:  4    Dex: 12    Spells: 0/0 levels left

rFire   . . .      SeeInvis .    a - +0 long sword
rCold   . . .      Faith    .    c - +0 buckler
rNeg    . . .      Spirit   .    b - +0 scale mail
rPois   .          Reflect  .    (no helmet)
rElec   .          Harm     .    (no cloak)
rCorr   .          Rampage  .    (no gloves)
Will    .....                    (no boots)
Stlth   ..........               (no amulet)
HPRegen 0.06/turn                (no ring)
MPRegen 0.07/turn                (no ring)

@: no status effects
A: no striking features
a: no special abilities


You were on level 1 of the Dungeon.
You visited 1 branch of the dungeon, and saw 1 of its levels.

You collected 27 gold pieces.

Inventory:

Hand Weapons
 a - a +0 long sword (weapon)
Armour
 b - a +0 scale mail (worn)
 c - a +0 buckler (worn)
Potions
 d - a potion of might


   Skills:
 + Level 3.0 Fighting
 + Level 1.8 Long Blades
 + Level 2.7 Armour
 + Level 2.7 Shields


You couldn't memorise any spells.
You didn't know any spells.
Your spell library was empty.

Dungeon Overview and Level Annotations

Branches:
Dungeon (1/15)

Altars:


Message History

The dart slug bites you but does no damage.
There are monsters nearby!
You hit the dart slug.
The dart slug is almost dead.
The bat closely misses you.
The dart slug bites you but does no damage.
The bat hits you but does no damage.
There are monsters nearby!
You hit the dart slug but do no damage.
The dart slug is almost dead.
The bat hits you but does no damage. The dart slug launches a dart at you.
The slug dart misses you. The bat hits you but does no damage.
You hit the dart slug.
You kill the dart slug!
You block the bat's attack. The bat hits you.
The goblin hits you but does no damage.
There are monsters nearby!
You closely miss the goblin. The bat closely misses you. x2
The goblin hits you but does no damage.
There are monsters nearby!
You closely miss the goblin. The bat hits you.
The goblin hits you but does no damage.
There are monsters nearby!
You barely miss the goblin. You block the bat's attack.
The goblin barely misses you. x2
You closely miss the goblin. You block the bat's attack.
The goblin hits you with a +3 dagger.
You are too injured to fight recklessly!
You are too injured to fight recklessly!
The bat hits you but does no damage. The goblin hits you with a +3 dagger.
* * * LOW HITPOINT WARNING * * *
The bat attacks as you move away! You block the bat's attack.
The bat hits you but does no damage. The goblin completely misses you.
The bat hits you but does no damage.
You slash the bat!
You kill the bat!
The goblin barely misses you. The goblin hits you with a +3 dagger.
You die...

..... #..........#
......
#..###.....#
...... #..#
#.....# ......
#..# #.....#
#.....####...
#.....#
........##.#.
##.####
........##.#. #..#
#.......##.#.##.##
.#....#@g#.#.##.#
.~... #..#.#....#
~.~# #....##..##
.~ ##....#.## ~
#....#.# ##.....#
#...(.# #......#
.......?#


You could see a goblin.

Vanquished Creatures
  A dart slug (D:1)
  A bat (D:1)
  A rat (D:1)
3 creatures vanquished.

Notes
Turn   | Place    | Note
-------+----------+-------------------------------------------
     0 | D:1      | BritishOli the Demonspawn Fighter began the quest for the
                  | Orb.
     0 | D:1      | Reached XP level 1. HP: 18/18 MP: 1/1
    65 | D:1      | Slain by a goblin

Illustrated notes

Levels and vault maps discovered:
D:1:      dreamdust_arrival_sigmund_warning, layout_rooms,
          shapermc_ecumenical_altar_starsandcircs

Action                   || total
-------------------------++-------
Melee: Long sword        ||    13
Armor: Scale mail        ||    12
Dodge: Dodged            ||    11
Block: Buckler           ||     5

Table legend: (Time is in decaauts)
 A = Elapsed time spent in this place.
 B = Non-inter-level travel time spent in this place.
 C = Inter-level travel time spent in this place.
 D = Time resting spent in this place.
 E = Time spent auto-exploring this place.
 F = Levels seen in this place.
 G = Mean time per level.
                   A        B        C        D        E       F      G
               +--------+--------+--------+--------+--------+-----+--------+
         Total |     69 |     60 |      9 |      0 |     32 |   1 |   69.0 |
       Dungeon |     69 |     60 |      9 |      0 |     32 |   1 |   69.0 |
               +--------+--------+--------+--------+--------+-----+--------+

Top non-repeatable levels by time:
     D:1: 69 daAuts
